 Dungeon Crawl Stone Soup version 0.19.5 (webtiles) character file.

665 JeffiDaFish the Cudgeler (level 7, -6/44 HPs)
             Began as a Gargoyle Fighter on Mar 9, 2017.
             Mangled by elan's ghost (7 damage)
             ... in an ossuary.
             The game lasted 00:10:30 (3957 turns).

JeffiDaFish the Cudgeler (Gargoyle Fighter)         Turns: 3957, Time: 00:10:31

Health: -6/44      AC: 16    Str: 20    XL:     7   Next: 57%
Magic:  7/7        EV:  8    Int:  8    God:
Gold:   100        SH: 10    Dex: 11    Spells: 0 memorised, 6 levels left

rFire  . . .     SeeInvis .     a - +3 flail
rCold  . . .     Gourm    .     b - +0 scale mail
rNeg   + . .     Faith    .     c - +0 shield
rPois  ∞         Spirit   .     (no helmet)
rElec  +         Reflect  .     g - +1 cloak
rCorr  .         Harm     .     k - +0 pair of gloves (curse)
MR     .....                    m - +0 pair of boots
Stlth  ..........               (no amulet)
                                (no ring)
                                (no ring)

@: hasted, very quick
A: negative energy resistance 1, electricity resistance, unbreathing,
petrification resistance, rot immunity, AC +4
a: no special abilities


You were in an ossuary.
You were not hungry.

You visited 1 branch of the dungeon, and saw 4 of its levels.
You also visited: Ossuary.

You collected 100 gold pieces.

Inventory:

Hand Weapons
 a - a +3 flail (weapon)
Armour
 b - a +0 scale mail (worn)
 c - a +0 shield (worn)
 g - a +1 cloak (worn)
 k - a cursed +0 pair of gloves (worn)
 m - a +0 pair of boots (worn)
Scrolls
 e - 3 scrolls of identify
 h - 3 scrolls of teleportation
 j - a scroll of remove curse
 l - 2 scrolls of enchant weapon
Comestibles
 d - a meat ration
 f - 3 bread rations
 i - a royal jelly
 n - a chunk of flesh


   Skills:
 + Level 4.5 Fighting
 + Level 5.3 Maces & Flails
 + Level 4.6 Armour
 + Level 1.7 Dodging
 + Level 0.2 Stealth
 + Level 5.2 Shields


You had 6 spell levels left.
You didn't know any spells.

Dungeon Overview and Level Annotations

Branches:
Dungeon (4/15)
 Temple: D:4-7

Altars:
Okawaru
The Shining One

Annotations:
Ossuary elan's ghost, novice NaTm


Innate Abilities, Weirdness & Mutations

You are resistant to torment.
Your stone body is resilient. (AC +4)
You are immune to poison.
You resist negative energy. (rN+)
You are resistant to electric shocks. (rElec)
You can survive without breathing.
You are immune to petrification.
You are immune to rotting.


Message History

Elan's ghost hits you.
* * * LOW HITPOINT WARNING * * *
The hobgoblin zombie hits you but does no damage.
You hit elan's ghost but do no damage.
Elan's ghost is heavily damaged.
Elan's ghost hits you.
* * * LOW HITPOINT WARNING * * *
You block the hobgoblin zombie's attack.
You closely miss elan's ghost.
Elan's ghost is heavily damaged.
Elan's ghost hits you.
* * * LOW HITPOINT WARNING * * *
The hobgoblin zombie hits you but does no damage.
You hit elan's ghost.
Elan's ghost is severely damaged.
Elan's ghost hits you but does no damage.
You block the hobgoblin zombie's attack.
You block elan's ghost's attack.
It was a potion of haste.
You feel yourself speed up. Elan's ghost hits you!
You die...

#'###
#...#
#...#
#...#
#...#
###'#
#..^#
#^..#
#@^.#
#ZW.#
#'###
'..
.#..
#...
####


You could see elan's ghost and a hobgoblin zombie.

Vanquished Creatures
  The ghost of Uzeprotekshun the Chopper, an amateur FoFi (D:3)
  A scorpion (D:4)
  A water moccasin zombie (Ossuary)
  3 orc priests (D:3)
  3 orc wizards
  Ijyb (D:2)
  2 big kobold zombies (Ossuary)
  8 adders
  An ooze (D:2)
  3 adder zombies (Ossuary)
  A worm (D:3)
  2 dart slugs
  A leopard gecko (D:3)
  14 orcs
  5 giant cockroaches
  5 goblins
  17 hobgoblins
  4 jackals
  2 quokkas (D:2)
  A ball python (D:2)
  10 bats
  8 frilled lizards
  A goblin zombie (D:4)
  2 hobgoblin zombies (Ossuary)
  5 kobolds
  An orc zombie (Ossuary)
  A quokka zombie (D:4)
  9 rats
113 creatures vanquished.

Notes
Turn   | Place    | Note
-------+----------+-------------------------------------------
     0 | D:1      | JeffiDaFish the Gargoyle Fighter began the quest for the Orb.
     0 | D:1      | Reached XP level 1. HP: 14/14 MP: 1/1
   102 | D:1      | Reached XP level 2. HP: 19/19 MP: 2/2
   826 | D:2      | Noticed Ijyb
   838 | D:2      | Killed Ijyb
   838 | D:2      | Reached XP level 3. HP: 22/24 MP: 3/3
   985 | D:2      | Reached XP level 4. HP: 23/29 MP: 4/4
  1919 | D:3      | Reached XP level 5. HP: 31/33 MP: 5/5
  2100 | D:3      | Reached skill level 1 in Dodging
  2159 | D:3      | Noticed Uzeprotekshun's ghost (amateur FoFi)
  2901 | D:3      | Killed Uzeprotekshun's ghost
  2901 | D:3      | Reached XP level 6. HP: 4/38 MP: 6/6
  3436 | D:3      | Reached XP level 7. HP: 43/43 MP: 7/7
  3644 | D:4      | Reached skill level 5 in Shields
  3675 | D:4      | Found an iron altar of Okawaru.
  3675 | D:4      | Found a glowing golden altar of the Shining One.
  3729 | D:4      | Reached skill level 5 in Maces & Flails
  3838 | D:4      | Found a sand-covered staircase.
  3867 | Ossuary  | Entered an ossuary
  3928 | Ossuary  | Noticed elan's ghost (novice NaTm)
  3955 | Ossuary  | HP: 1/44 [elan's ghost (6)]
  3957 | Ossuary  | Mangled by elan's ghost

Skill      XL: |  1  2  3  4  5  6  7 |
---------------+----------------------+-----
Shields        | 4 5 |  5.2
Maces & Flails | 3 4 5 |  5.3
Dodging        | 1 |  1.7
Fighting       | 4 |  4.5
Armour         | 4 |  4.6
Stealth        | |  0.2

Action                   |  1- 3 |  4- 6 |  7- 9 || total
-------------------------+-------+-------+-------++-------
Melee: Flail             |   104 |   231 |   113 ||   448
  Use: Scroll            |     8 |     4 |     2 ||    14
       Potion            |     2 |     4 |     1 ||     7
  Eat: Chunk             |       |     9 |     2 ||    11
Armor: Scale mail        |    57 |   171 |    71 ||   299
Dodge: Dodged            |    33 |   100 |    39 ||   172
Block: Shield            |    39 |   131 |    57 ||   227
